[Event "Early-Titled-Tuesday-Blitz-January-23-2024"]
[Site "Chess.com"]
[Date "2024.01.23"]
[Round "1"]
[White "artin10862"]
[Black "Cheer_Down"]
[Result "1-0"]
[WhiteElo "2822"]
[BlackElo "2450"]
[TimeControl "180+1"]
[EndTime "8:06:12 PST"]
[Termination "artin10862 won by resignation"]

1. e4 c5 2. Nf3 d6 3. d4 cxd4 4. Nxd4 Nf6 5. Nc3 a6 6. Be3 e5 7.
Nb3 Be6 8. f3 h5 9. Qd2 Nbd7 10.
O-O-O Be7 11. Kb1 Rc8 12. Nd5 Bxd5 13. exd5 Nb6 14. Na5 Nbxd5 15. Nxb7 Qc7 16. Bxa6 Nxe3 17. Qxe3 Ra8 18. Qd3 O-O 19. Qb5 Rfb8 20. Rd3 Rxa6 21. Qxa6 Rxb7 22. Rb3 Rxb3 23. cxb3 Nd5 24. Rc1 Qd7 25. Qa8+ Kh7 26. Qxd5 1-0

[Event "Early-Titled-Tuesday-Blitz-January-23-2024"]
[Site "Chess.com"]
[Date "2024.01.23"]
[Round "1"]
[White "VladimirKramnik"]
[Black "rhungaski"]
[Result "1-0"]
[WhiteElo "2929"]
[BlackElo "2502"]
[TimeControl "180+1"]
[EndTime "8:06:14 PST"]
[Termination "VladimirKramnik won by resignation"]

1. Nf3 g6 2. e4 Bg7 3. d4 d6 4.
Be2 Nd7 5. O-O e5 6. Nc3 Ne7 7. Be3 O-O 8. dxe5 Nxe5 9. Nxe5 Bxe5 10. Qd2 Nc6 11. Bg5 f6 12. Bh6 Re8 13. Nd5 Bxb2 14.
Rab1 Bd4 15. c3 Bc5 16. Qf4 Re6 17. Bg4 f5 18. exf5 gxf5 19. Bxf5 Rxh6 20. Bxc8 Rg6 21. Bxb7 Ne5 22. Bxa8 Qxa8 23. Ne7+ Kg7 24. Nxg6 hxg6 25.
Kh1 Qd5 26. a4 a6 27. Qg5 Qf7 28. f4 Nd3 29. f5 Nf2+ 30. Rxf2 Bxf2 31. Qxg6+ Qxg6 32.
fxg6 1-0

[Event "Early-Titled-Tuesday-Blitz-January-23-2024"]
[Site "Chess.com"]
[Date "2024.01.23"]
[Round "1"]
[White "Djager97"]
[Black "the_blue_pill"]
[Result "0-1"]
[WhiteElo "2590"]
[BlackElo "2272"]
[TimeControl "180+1"]
[EndTime "8:06:14 PST"]
[Termination "the_blue_pill won by resignation"]

1. e4 c5 2. Nf3 d6 3. d4 cxd4 4. Nxd4 Nf6 5. Nc3 g6 6. Be2 Nc6 7. O-O Bg7 8. Re1 O-O 9. Bf1 Nxd4 10. Qxd4 b6 11. Bg5 Bb7 12. Qd2 Rc8 13. Bh6 Bxh6 14.
Qxh6 Rxc3 15. bxc3 Nxe4 16. Re3 Nf6 17. Rae1 Ng4 18.
Qh4 Nxe3 19. Rxe3 e6 20. Qf4 e5 21. Qb4 Qc7 22. h4 Qc5 23. Qg4 f5 24. Qg5 f4 25.
Rh3 Bc8 26. h5 Bxh3 27. hxg6 Bf5 28. gxh7+ Kh8 29. Qh6 d5 30. c4 d4 31. Be2 e4 32.
Qxf4 Bxh7 33. Qh4 d3 34. cxd3 exd3 35. Bxd3 Qxf2+ 0-1

[Event "Early-Titled-Tuesday-Blitz-January-23-2024"]
[Site "Chess.com"]
[Date "2024.01.23"]
[Round "1"]
[White "Quattroporte300"]
[Black "GMAkobianSTL"]
[Result "0-1"]
[WhiteElo "2428"]
[BlackElo "2753"]
[TimeControl "180+1"]
[EndTime "8:06:18 PST"]
[Termination "GMAkobianSTL won by resignation"]

1. e4 d6 2. d4 Nf6 3. Nc3 c6 4. Nf3 Bg4 5. h3 Bh5 6. Be2 e6 7. Be3 d5 8. e5 Nfd7 9. Qd2 c5 10. O-O-O Nc6 11. g4 Bg6 12. dxc5 Bxc5 13. Bxc5 Nxc5 14.
Qe3 Qa5 15. Nd4 Rc8 16. Kb1 Ne4 17. Nxc6 Rxc6 18. Rd3 O-O 19. f4 Rfc8 20. f5 Nxc3+ 21.
Rxc3 Rxc3 22. bxc3 exf5 23. g5 f4 24. Qd4 Rxc3 25.
Ka1 Rxc2 0-1

[Event "Early-Titled-Tuesday-Blitz-January-23-2024"]
[Site "Chess.com"]
[Date "2024.01.23"]
[Round "1"]
[White "HanSchut"]
[Black "Sadykov_Ramil"]
[Result "0-1"]
[WhiteElo "2251"]
[BlackElo "2605"]
[TimeControl "180+1"]
[EndTime "8:06:18 PST"]
[Termination "Sadykov_Ramil won by checkmate"]

1. e4 c5 2. Nf3 Nc6 3. d4 cxd4 4. Nxd4 g6 5. c4 Nf6 6. Nc3 d6 7. Be2 Nxd4 8. Qxd4 Bg7 9. Bg5 O-O 10. Qd2 a5 11. Bxf6 Bxf6 12. b3 a4 13. b4 Be6 14.
Rc1 a3 15. O-O Qb6 16. Nb5 Rfc8 17. Kh1 Bb2 18. Rc2 Rc6 19. Qd3 Bxc4 20. Rxc4 Qxb5 21. Rxc6 Qxc6 22. f4 Rc8 23. Bf3 Qc4 24. Qd2 Qxf1# 0-1

[Event "Early-Titled-Tuesday-Blitz-January-23-2024"]
[Site "Chess.com"]
[Date "2024.01.23"]
[Round "1"]
[White "Hikaru"]
[Black "Bastiandash"]
[Result "1-0"]
[WhiteElo "3305"]
[BlackElo "2541"]
[TimeControl "180+1"]
[EndTime "8:06:19 PST"]
[Termination "Hikaru won on time"]

1. Nf3 Nf6 2. g3 d5 3. Bg2 c6 4.
O-O Bf5 5. d3 e6 6. Nh4 Bg4 7. h3 Bh5 8. g4 Bg6 9. e3 Nfd7 10.
Nxg6 hxg6 11. b3 Bd6 12. Bb2 Be5 13. d4 Bd6 14. c4 Nf6 15. Nd2 Nbd7 16. c5 Bc7 17. f4 Qe7 18. g5 Nh5 19. Qg4 Nf8 20. b4 Nd7 21. a4 a6 22. Bf3 f5 23. gxf6 Qxf6 24. Be2 Qf7 25. Bd3 Rh6 26. Nf3 Nhf6 27. Qg2 Ne4 28. b5 Kf8 29. Ng5 Qf5 30. bxc6 bxc6 31. Nxe4 dxe4 32. Bxe4 Qxh3 33. Rf3 Qxg2+ 34. Kxg2 Rb8 35. Bc1 Nf6 36. Bxc6 Rb3 37. e4 Rb4 38.
d5 1-0

[Event "Early-Titled-Tuesday-Blitz-January-23-2024"]
[Site "Chess.com"]
[Date "2024.01.23"]
[Round "1"]
[White "kingofthenil"]
[Black "KhazhatulyAlikhan"]
[Result "1-0"]
[WhiteElo "2660"]
[BlackElo "2347"]
[TimeControl "180+1"]
[EndTime "8:06:19 PST"]
[Termination "kingofthenil won on time"]

1. e4 c5 2. Nf3 e6 3. b3 Nc6 4. Bb2 Qc7 5. c4 e5 6. Nc3 Nf6 7. g4 h6 8. Rg1 Nd4 9. h4 d6 10. g5 hxg5 11. hxg5 Nh5 12. Nd5 Qd8 13. Nxd4 cxd4 14.
Rh1 g6 15. Nf6+ Ke7 16. Be2 Bg7 17. Bxh5 Bxf6 18. gxf6+ Kxf6 19. Bf3 Bg4 20. Rg1 Be6 21. Bg4 Bxg4 22. Qxg4 Kg7 23. f4 Rh4 24. Qg2 Rxf4 25. O-O-O Qa5 26. Kb1 Rh8 27. Rdf1 Rhh4 28. d3 Qc7 29.
Qg3 Rxf1+ 30. Rxf1 Rh5 31. Qf3 Qe7 32. Ba3 Rh4 33. Bc1 Rh5 34. Rh1 Rxh1 35. Qxh1 Qf6 36.
Qh6+ Kg8 37. Bg5 Qf1+ 38. Kc2 Qa1 39. Bc1 1-0

[Event "Early-Titled-Tuesday-Blitz-January-23-2024"]
[Site "Chess.com"]
[Date "2024.01.23"]
[Round "1"]
[White "LeRoidesChampions"]
[Black "Viktor_Poddubnyi"]
[Result "1-0"]
[WhiteElo "2606"]
[BlackElo "2253"]
[TimeControl "180+1"]
[EndTime "8:06:19 PST"]
[Termination "LeRoidesChampions won by resignation"]

1. a3 g6 2. d4 Bg7 3. Nf3 Nf6 4.
Bf4 d6 5. e3 O-O 6. c4 Nc6 7.
Nc3 Nd7 8. Bg3 e5 9. d5 Ne7 10. b4 h6 11. Be2 f5 12. h4 Nf6 13. Nd2 Bd7 14. e4 f4 15. Bh2 a6 16. f3 c6 17.
Bg1 cxd5 18. cxd5 b5 19. Nb3 Rc8 20. Qd2 Nh5 21. Na5 Ng3 22. Rh2 Qc7 23. Rc1 Qb8 24.
Bf2 Rc7 25. Na2 Rfc8 26. Nb3 Rxc1+ 27. Naxc1 Rc7 28. Nc5 dxc5 29. d6 Rb7 30. dxe7 cxb4 31. axb4 Be8 32. Bc5 Rd7 33. Qa2+ Bf7 34. Qxa6 Qe8 35.
Bxb5 1-0

[Event "Early-Titled-Tuesday-Blitz-January-23-2024"]
[Site "Chess.com"]
[Date "2024.01.23"]
[Round "1"]
[White "GianmarcoVaR"]
[Black "cthulhuuu"]
[Result "1-0"]
[WhiteElo "2763"]
[BlackElo "2430"]
[TimeControl "180+1"]
[EndTime "8:06:20 PST"]
[Termination "GianmarcoVaR won by checkmate"]

1. d4 Nf6 2. Nf3 g6 3. Nc3 Bg7 4. e4 d6 5. Be2 O-O 6. O-O c6 7.
a4 Qc7 8. Be3 e5 9. dxe5 dxe5 10. Bc4 Nbd7 11. b4 Re8 12. Qb1 Nf8 13. Ng5 Ne6 14.
Qb3 Ng4 15. Nxe6 Bxe6 16. Bg5 h6 17. Bh4 Qb6 18. a5 Bxc4 19. Qxc4 Qd4 20. Qb3 Bf8 21. Rab1 g5 22. Rfd1 gxh4 23. Rxd4 exd4 24. Nd1 Rxe4 25. Nb2 Rae8 26. Nd3 Re2 27. h3 Nxf2 28. Rf1 Nxd3 29. Qxf7+ Kh8 30. cxd3 Bg7 31. Qxb7 Be5 32. Qxc6 Rg8 33.
Qxh6# 1-0

[Event "Early-Titled-Tuesday-Blitz-January-23-2024"]
[Site "Chess.com"]
[Date "2024.01.23"]
[Round "1"]
[White "Keures"]
[Black "luckyswitchback"]
[Result "0-1"]
[WhiteElo "2401"]
[BlackElo "2714"]
[TimeControl "180+1"]
[EndTime "8:06:20 PST"]
[Termination "luckyswitchback won by resignation"]

1. d4 Nf6 2. c4 e6 3. Nc3 d5 4. cxd5 exd5 5. Bg5 c6 6. e3 Nbd7 7. Bd3 Be7 8. Qc2 Nh5 9. Bxe7 Qxe7 10. Nge2 g6 11.
O-O O-O 12. Rab1 a5 13. a3 Nhf6 14. b4 axb4 15. axb4 Nb6 16. b5 c5 17. dxc5 Qxc5 18.
Rfc1 Bd7 19. Nd4 Rfc8 20. Nce2 Qe7 21. Qb3 Ne4 22. Rxc8+ Rxc8 23. Rc1 Rxc1+ 24. Nxc1 Qc5 25. Nce2 Nd6 26. Qc3 Nbc4 27. Bxc4 dxc4 28. h3 Bxb5 29. Ng3 Be8 30. Nb3 Qa3 31. Qa5 Qxb3 32. Qd8 Qd1+ 33. Kh2 Qd5 34. e4 Qe6 35. f4 Nxe4 36. f5 Qe5 0-1

[Event "Early-Titled-Tuesday-Blitz-January-23-2024"]
[Site "Chess.com"]
[Date "2024.01.23"]
[Round "1"]
[White "Aygehovit1992"]
[Black "leschebaza"]
[Result "1-0"]
[WhiteElo "2716"]
[BlackElo "2406"]
[TimeControl "180+1"]
[EndTime "8:06:21 PST"]
[Termination "Aygehovit1992 won by checkmate"]

1. e4 e6 2. d4 d5 3. Nc3 Nf6 4. e5 Nfd7 5. Nce2 c5 6. c3 Nc6 7. f4 Be7 8. Nf3 a6 9. h4 h6 10. h5 b5 11. Rh3 Bb7 12. Rg3 Bf8 13. a3 Qe7 14. Be3 O-O-O 15. a4 b4 16. a5 Kb8 17.
Qa4 Rc8 18. Rc1 Qd8 19. cxb4 cxd4 20. Nexd4 Bxb4+ 21. Kf2 Nxd4 22. Rxc8+ Qxc8 23. Nxd4 Bf8 24. b4 Rg8 25. Kg1 g6 26. Bf2 Be7 27. hxg6 fxg6 28. Nxe6 Nxe5 29. Nc5 Bxc5 30. bxc5 Nc6 31. Rb3 Ka7 32.
Rb6 Rd8 33. Bxa6 Bxa6 34. Rxc6 Qg4 35. Rxa6+ Kxa6 36. Qc6+ Ka7 37. Qb6+ Ka8 38. Qxd8+ Qc8 39. Qxc8+ Ka7 40. c6+ d4 41. Bxd4# 1-0

[Event "Early-Titled-Tuesday-Blitz-January-23-2024"]
[Site "Chess.com"]
[Date "2024.01.23"]
[Round "1"]
[White "Roman_Ovetchkin"]
[Black "diamonds13"]
[Result "1-0"]
[WhiteElo "2662"]
[BlackElo "2350"]
[TimeControl "180+1"]
[EndTime "8:06:22 PST"]
[Termination "Roman_Ovetchkin won by resignation"]

1. d4 Nf6 2. c4 e6 3. g3 c5 4.
d5 exd5 5. cxd5 d6 6. Nc3 g6 7. Nf3 Bg7 8. Bg2 O-O 9. O-O Re8 10. h3 Ne4 11. Nxe4 Rxe4 12. Bg5 Qe8 13. Re1 Bxb2 14. Rb1 Bc3 15. Nd2 Re5 16. Bf6 Nd7 17. Bxe5 Nxe5 18. Qc2 Ba5 19. f4 Nd7 20. e4 f6 21. Re2 b5 22.
Rxb5 Ba6 23. Rxa5 Bxe2 24. Nb1 Qb8 25. Nc3 Qb6 26. Ra3 Bb5 27. Kh2 c4 28. Qd2 Nc5 29. e5 fxe5 30. fxe5 dxe5 31. d6 Bc6 32. Nd5 Kg7 33.
Nxb6 1-0

[Event "Early-Titled-Tuesday-Blitz-January-23-2024"]
[Site "Chess.com"]
[Date "2024.01.23"]
[Round "1"]
[White "jhedigm"]
[Black "PawnEatingZombie"]
[Result "1-0"]
[WhiteElo "2560"]
[BlackElo "2099"]
[TimeControl "180+1"]
[EndTime "8:06:23 PST"]
[Termination "jhedigm won on time"]

1. c4 Nf6 2. Nc3 g6 3. d4 Bg7 4. e4 d6 5. f3 O-O 6. Be3 Nc6 7. d5 Nb8 8. Qd2 a5 9. g4 Na6 10. h4 c6 11. h5 Bd7 12. Bh6 Bh8 13. O-O-O Nc5 14.
Nh3 a4 15. Nf4 a3 16. b4 Bxg4 17. bxc5 Bxf3 18. Rg1 Bxe4 19. Bh3 cxd5 20. hxg6 hxg6 21. cxd5 Rc8 22. Bxc8 Qxc8 23. Bxf8 Kxf8 24. Qd4 dxc5 25.
Qe5 b5 26. Nxe4 1-0

[Event "Early-Titled-Tuesday-Blitz-January-23-2024"]
[Site "Chess.com"]
[Date "2024.01.23"]
[Round "1"]
[White "Baronessa08"]
[Black "Jospem"]
[Result "0-1"]
[WhiteElo "2534"]
[BlackElo "3098"]
[TimeControl "180+1"]
[EndTime "8:06:24 PST"]
[Termination "Jospem won by resignation"]

1. Nf3 c5 2. g3 Nc6 3. Bg2 g6 4. c4 Bg7 5. O-O d6 6. e3 e6 7.
d4 cxd4 8. exd4 Nge7 9. Nc3 O-O 10. Bf4 e5 11. dxe5 dxe5 12. Bg5 f6 13. Be3 Be6 14. Qa4 Qa5 15. Qxa5 Nxa5 16. b3 Nac6 17. Rad1 Rfd8 18.
Rxd8+ Rxd8 19. Rd1 Rxd1+ 20. Nxd1 f5 21. Nd2 Kf7 22. Nc3 e4 23. Nb5 Nc8 24. f3 exf3 25.
Nxf3 h6 26. Nfd4 Nxd4 27. Nxd4 b6 28. Nxe6 Kxe6 29. Bd5+ Ke7 30. Kg2 g5 31. Kf3 Kd6 32. h4 Bf6 33. h5 Ne7 34. Bf7 Nc6 35. Ke2 Be5 36. Kf3 Bd4 37. Be8 Ne5+ 38. Ke2 Bxe3 39. Kxe3 Ng4+ 40. Kf3 Nf6 41. Bf7 Ke5 42. Bg6 Ne4 43. Be8 Nc3 44. a3 Ne4 45. b4 Nd2+ 46. Ke2 Nxc4 47. Kd3 Nd6 48. Bg6 Ne4 49. g4 Nf2+ 0-1

[Event "Early-Titled-Tuesday-Blitz-January-23-2024"]
[Site "Chess.com"]
[Date "2024.01.23"]
[Round "1"]
[White "SHIVACalypso"]
[Black "Pliukha_Mikhail"]
[Result "1-0"]
[WhiteElo "2446"]
[BlackElo "2748"]
[TimeControl "180+1"]
[EndTime "8:06:24 PST"]
[Termination "SHIVACalypso won by resignation"]

1. d4 Nf6 2. c4 e6 3. Nc3 d5 4.
Nf3 c5 5. cxd5 Nxd5 6. e4 Nxc3 7. bxc3 cxd4 8. cxd4 Bb4+ 9. Bd2 Bxd2+ 10. Qxd2 O-O 11. Be2 b6 12. O-O Bb7 13. d5 exd5 14. Rad1 Nd7 15. exd5 Rc8 16. Bb5 Nf6 17. d6 Bxf3 18. gxf3 Rc5 19. a4 Rd5 20. Qf4 h6 21. Rxd5 Nxd5 22. Qe5 Qg5+ 23. Qxg5 hxg5 24. Re1 Rd8 25. d7 Nc7 26. Re8+ Nxe8 27. dxe8=Q+ Rxe8 28. Bxe8 Kf8 29. Bb5 Ke7 30. Kg2 f5 31. Kg3 Kf6 32. f4 gxf4+ 33. Kxf4 g5+ 34. Ke3 Ke5 35. Bd7 a6 36. Bc8 b5 37. axb5 axb5 38. Ba6 b4 39. Bc4 g4 40.
Bb3 f4+ 41. Kd3 Kf5 42. Bd1 Kg5 43. Ke4 f3 44. h3 g3 45. fxg3 f2 46. Be2 b3 47.
Kd3 Kf5 48. h4 Ke5 49. h5 Kf5 50. g4+ Kf4 51. h6 b2 52. Kc2 Ke3 53. Ba6 1-0

[Event "Early-Titled-Tuesday-Blitz-January-23-2024"]
[Site "Chess.com"]
[Date "2024.01.23"]
[Round "1"]
[White "Larina_Maria"]
[Black "vova-79"]
[Result "0-1"]
[WhiteElo "2176"]
[BlackElo "2575"]
[TimeControl "180+1"]
[EndTime "8:06:24 PST"]
[Termination "vova-79 won by resignation"]

1. e4 c6 2. d4 d5 3. Nf3 dxe4 4. Ng5 Bf5 5. Bc4 e6 6. g4 Bg6 7. h4 h6 8. Nh3 Nd7 9. h5 Bh7 10. c3 Ngf6 11. Bf4 Nd5 12. Bg3 N7b6 13. Bb3 Bd6 14. Bxd6 Qxd6 15. Qd2 e3 16. fxe3 Qg3+ 17. Qf2 Qxe3+ 18.
Qxe3 Nxe3 19. g5 Be4 20. Rg1 hxg5 21. Rxg5 g6 22. Nd2 Bf5 23. Nf4 gxh5 24. Nxh5 Ke7 25. Kf2 Ng4+ 26. Kg3 Rag8 27. Rxg8 Rxg8 28. Kh4 Ne3 29.
Nf3 Rg4+ 30. Kh3 Rg1+ 31. Kh2 Rxa1 32. Ng3 0-1

[Event "Early-Titled-Tuesday-Blitz-January-23-2024"]
[Site "Chess.com"]
[Date "2024.01.23"]
[Round "1"]
[White "FREDERICKtheMATE"]
[Black "Valy02chess"]
[Result "1-0"]
[WhiteElo "2562"]
[BlackElo "2146"]
[TimeControl "180+1"]
[EndTime "8:06:24 PST"]
[Termination "FREDERICKtheMATE won by resignation"]

1. d4 Nf6 2. Nf3 e6 3. c4 b6 4. a3 Ba6 5. Qc2 c5 6. g3 cxd4 7. Nxd4 Bb7 8. Nf3 Qc8 9. Bg2 Be7 10. O-O O-O 11. Nbd2 d6 12. b3 b5 13. Bb2 Nbd7 14. Rfd1 Nb6 15. Rac1 bxc4 16. Nxc4 Nxc4 17. Qxc4 Ba6 18.
Qc7 Qxc7 19. Rxc7 Bxe2 20. Rd2 Bd8 21. Rc1 Bxf3 22. Bxf3 Rb8 23. b4 d5 24. Be5 Rb7 25. Rdc2 Nd7 26. Bd6 Re8 27. Rc8 f6 28. Be2 Kf7 29.
R8c6 Be7 30. Bc7 Ne5 31. Bxe5 fxe5 32. Rc7 Rxc7 33. Rxc7 Ra8 34. Ba6 Ke8 35. Bb7 Rb8 36. Bc6+ Kd8 37. Rd7+ Ke8 38. Rb7+ Kd8 39. Rxb8+ Kc7 40. Re8 1-0

[Event "Early-Titled-Tuesday-Blitz-January-23-2024"]
[Site "Chess.com"]
[Date "2024.01.23"]
[Round "1"]
[White "kekic76"]
[Black "Dacean99"]
[Result "0-1"]
[WhiteElo "2321"]
[BlackElo "2639"]
[TimeControl "180+1"]
[EndTime "8:06:25 PST"]
[Termination "Dacean99 won on time"]

1. e4 c5 2. Nf3 d6 3. d4 cxd4 4.
Nxd4 Nf6 5. Nc3 a6 6. f3 e5 7. Nb3 Be6 8. Bg5 Nbd7 9. Qd2 Be7 10. Be2 O-O 11. Bxf6 Nxf6 12. Nd5 Nxd5 13. exd5 Bf5 14.
Na5 Bg5 15. Qb4 Qc7 16. c4 Be3 17. Qa3 Bd4 18. Nb3 Rfe8 19. Nd2 b5 20. Rc1 b4 21.
Qb3 a5 22. Ne4 a4 23. Qxb4 Bxe4 24. fxe4 Reb8 25. Qd2 Rxb2 26. Rc2 Rab8 27. Bd3 Qe7 28. Rxb2 Rxb2 29. Qd1 Qh4+ 30. g3 Qf6 31. Rf1 Bf2+ 0-1

[Event "Early-Titled-Tuesday-Blitz-January-23-2024"]
[Site "Chess.com"]
[Date "2024.01.23"]
[Round "1"]
[White "malakismayil"]
[Black "mary-sanna"]
[Result "1-0"]
[WhiteElo "2588"]
[BlackElo "2203"]
[TimeControl "180+1"]
[EndTime "8:06:25 PST"]
[Termination "malakismayil won on time"]

1. e4 c5 2. Nf3 Nc6 3. Bb5 e5 4. O-O Bd6 5. c3 a6 6. Bxc6 dxc6 7. d4 cxd4 8. cxd4 Bg4 9. dxe5 Bxf3 10. Qxd6 Bxe4 11. Qb4 Bxb1 12. Rxb1 Qe7 13. Qc3 Nh6 14. Bxh6 gxh6 15. Rbd1 Rg8 16. f4 Rd8 17. Qb3 Qc5+ 18.
Kh1 Rxd1 19. Qxd1 Ke7 20. f5 Rg5 21. Qb3 b5 22. f6+ Ke8 23. e6 Qd5 24. exf7+ Kxf7 25. Qh3 Qc4 26. Qd7+ Kg6 27. Qe8+ Qf7 28. Qe4+ Kh5 29. Rf3 Rg4 30. Qf5+ 1-0

[Event "Early-Titled-Tuesday-Blitz-January-23-2024"]
[Site "Chess.com"]
[Date "2024.01.23"]
[Round "1"]
[White "KnightmareJoker"]
[Black "jaskol95"]
[Result "0-1"]
[WhiteElo "2118"]
[BlackElo "2561"]
[TimeControl "180+1"]
[EndTime "8:06:25 PST"]
[Termination "jaskol95 won by checkmate"]

1. e4 d6 2. d4 Nf6 3. Nc3 Nbd7 4. Be3 e5 5. f3 g6 6. Bd3 Bg7 7. Nge2 a6 8. Qd2 b5 9. O-O O-O 10. d5 Nh5 11. Bg5 f6 12. Bh6 g5 13. Bxg7 Kxg7 14.
Ng3 Nxg3 15. hxg3 Nc5 16. f4 h6 17. f5 Bd7 18. Kf2 b4 19. Ne2 Bb5 20. g4 Qe8 21. Ng3 Bxd3 22. cxd3 Qb5 23. Ke3 a5 24. Rfd1 a4 25.
Qc2 b3 26. Qc4 Qb6 27. a3 Ne6+ 28. Kf3 Nd4+ 29. Ke3 Nxf5+ 30. Kf3 Qe3# 0-1

[Event "Early-Titled-Tuesday-Blitz-January-23-2024"]
[Site "Chess.com"]
[Date "2024.01.23"]
[Round "1"]
[White "Iskusnyh"]
[Black "nicolochessit"]
[Result "1-0"]
[WhiteElo "2647"]
[BlackElo "2331"]
[TimeControl "180+1"]
[EndTime "8:06:28 PST"]
[Termination "Iskusnyh won by checkmate"]

1. d4 d5 2. c4 c6 3. Nf3 Nf6 4. e3 e6 5. b3 Bd6 6. Bd3 O-O 7. Bb2 Nbd7 8. O-O Re8 9. Ne5 Ne4 10. f3 Bxe5 11. fxe4 Bf6 12. e5 Be7 13. Qh5 g6 14. Qh3 dxc4 15. bxc4 Nxe5 16. Be2 Nd7 17. Rxf7 Kxf7 18.
Qxh7+ Kf8 19. Nd2 Bf6 20. Rf1 Re7 21. Qh8+ Kf7 22. Qxd8 Re8 23. Qc7 Kg7 24. Ne4 Bd8 25. d5+ e5 26. Qd6 Be7 27. Bxe5+ Kh7 28. Rf7+ Kh6 29.
Bf4+ Bg5 30. Bxg5# 1-0

[Event "Early-Titled-Tuesday-Blitz-January-23-2024"]
[Site "Chess.com"]
[Date "2024.01.23"]
[Round "1"]
[White "lefonghua"]
[Black "supereagles1201"]
[Result "0-1"]
[WhiteElo "2626"]
[BlackElo "2349"]
[TimeControl "180+1"]
[EndTime "8:06:28 PST"]
[Termination "supereagles1201 won by checkmate"]

1. d4 d5 2. c4 c6 3. Nf3 Nf6 4. Nc3 dxc4 5. a4 Bf5 6. Ne5 Nbd7 7. Nxc4 Qc7 8. g3 e5 9. dxe5 Nxe5 10. Bf4 Nfd7 11.
Bg2 g5 12. Bxe5 Nxe5 13. Ne3 Be6 14. O-O Rd8 15. Qb1 a5 16. Qe4 Bg7 17. Nf5 Bxf5 18.
Qxf5 Qe7 19. f4 gxf4 20. gxf4 Nc4 21. Rf3 O-O 22. Rg3 Kh8 23. Ne4 Bd4+ 24. Kh1 Rd5 25. Qh3 f6 26. Rc1 Nd6 27. Nxd6 Rxd6 28. e4 Bxb2 29. Rb1 Rd2 30. Rb3 Qc5 31. Qf3 Rg8 32. Rg1 Bd4 33. Rgb1 Rgxg2 34. Qxg2 Rxg2 35. Kxg2 Qc2+ 36. Kf3 Qf2+ 37. Kg4 Qg2+ 38. Kf5 Qg6+ 39. Ke6 Qe8+ 40.
Kf5 Qd7# 0-1

[Event "Early-Titled-Tuesday-Blitz-January-23-2024"]
[Site "Chess.com"]
[Date "2024.01.23"]
[Round "1"]
[White "Gabrielian_Artur"]
[Black "jkidjr22"]
[Result "1-0"]
[WhiteElo "2793"]
[BlackElo "2435"]
[TimeControl "180+1"]
[EndTime "8:06:29 PST"]
[Termination "Gabrielian_Artur won by checkmate"]

1. e4 c5 2. Nf3 e6 3. Nc3 Nc6 4. h3 d5 5. Bb5 dxe4 6. Nxe4 Bd7 7. O-O Nf6 8. d3 a6 9. Bxc6 Bxc6 10. Qe2 Be7 11.
Re1 Qc7 12. b3 Nxe4 13. dxe4 e5 14. c4 O-O 15. Bb2 f6 16. Nh2 Bd7 17. Rad1 Be6 18.
Ng4 Rfd8 19. Ne3 Bf8 20. Nd5 Qc6 21. a4 Rd7 22. Rd3 b5 23. axb5 axb5 24. cxb5 Qxb5 25.
Nxf6+ Kh8 26. Nxd7 Bxd7 27. Red1 Be6 28. Qf3 Be7 29.
Bxe5 Kg8 30. Qg3 g6 31. Ba1 Bf7 32. Qe5 Rxa1 33. Qxa1 Bxb3 34. Qa8+ Kf7 35. Rf3+ Kg7 36. Qa7 Bxd1 37. Qxe7+ Kh6 38. Qf8+ Kh5 39. g4+ Kg5 40.
Qf4+ Kh4 41. g5+ Kh5 42. Qg4# 1-0

[Event "Early-Titled-Tuesday-Blitz-January-23-2024"]
[Site "Chess.com"]
[Date "2024.01.23"]
[Round "1"]
[White "NMJeevanK"]
[Black "LuminaryHunter"]
[Result "1-0"]
[WhiteElo "2590"]
[BlackElo "2197"]
[TimeControl "180+1"]
[EndTime "8:06:31 PST"]
[Termination "NMJeevanK won on time"]

1. e4 Nf6 2. e5 Nd5 3. d4 d6 4. c4 Nb6 5. exd6 exd6 6. Nc3 Be7 7. h3 O-O 8. Nf3 Bf5 9. Be2 N8d7 10. O-O Nf6 11.
b4 h6 12. a4 a5 13. b5 Re8 14.
Be3 Ne4 15. Rc1 Bf6 16. Bd3 Nxc3 17. Rxc3 Bxd3 18. Qxd3 Nxa4 19. Ra3 Nb6 20. Bd2 a4 21. Qc2 Qd7 22. Rb1 Re2 23. c5 dxc5 24. dxc5 Nd5 25. Rxa4 Rae8 26. Qd3 c6 27. bxc6 Qxc6 28. Rg4 h5 29. Rg3 Qxc5 30. Be3 Nxe3 31. Qxe2 h4 32. Rg4 Qf5 33. Rc1 Bb2 34. Re1 1-0

[Event "Early-Titled-Tuesday-Blitz-January-23-2024"]
[Site "Chess.com"]
[Date "2024.01.23"]
[Round "1"]
[White "doctorcristian"]
[Black "hawes33"]
[Result "1-0"]
[WhiteElo "2609"]
[BlackElo "2263"]
[TimeControl "180+1"]
[EndTime "8:06:32 PST"]
[Termination "doctorcristian won by resignation"]

1. d4 c5 2. d5 Nf6 3. Nc3 g6 4. e4 d6 5. f3 Bg7 6. Bg5 O-O 7. Qd2 Re8 8. Bb5 Bd7 9. Bxd7 Nbxd7 10. Nge2 Rb8 11.
a4 a6 12. O-O b5 13. axb5 axb5 14. Nd1 Ne5 15. b3 c4 16. Bh6 Bh8 17. Ne3 Qc7 18.
Nd4 Rec8 19. Ra2 c3 20. Qe2 Qc5 21. Rd1 b4 22. Ra6 Rb6 23. Ra7 Rc7 24. Ra8+ Rc8 25. Rxc8+ Qxc8 26. Ra1 Bg7 27. Bxg7 Kxg7 28. h4 h5 29. Ra5 Nfd7 30. Qd1 Ra6 31. Rb5 Qa8 32. Kh2 Ra1 33. Qe2 Qa7 34. Nc6 Nxc6 35. dxc6 Ne5 36. Rb7 Qc5 37. c7 Ra8 38. Rb8 Qxc7 39. Rxa8 d5 40.
f4 Ng4+ 41. Nxg4 Qxf4+ 42. g3 Qd2 43. Qxd2 cxd2 44. Nf2 dxe4 45. Nd1 f5 46. Kg2 e5 47. Rd8 e3 48. Nxe3 f4 49. gxf4 exf4 50. Nd1 1-0

[Event "Early-Titled-Tuesday-Blitz-January-23-2024"]
[Site "Chess.com"]
[Date "2024.01.23"]
[Round "1"]
[White "fks_stal_mielec"]
[Black "CarlosjPineror"]
[Result "0-1"]
[WhiteElo "2240"]
[BlackElo "2601"]
[TimeControl "180+1"]
[EndTime "8:06:32 PST"]
[Termination "CarlosjPineror won by checkmate"]

1. e4 c5 2. Nf3 e6 3. d4 cxd4 4. Nxd4 a6 5. Nd2 Qc7 6. c3 Nf6 7. Bd3 h5 8. N2f3 b6 9. Be3 Bb7 10. Qc2 d6 11. h3 Nbd7 12. b4 Rc8 13. Rc1 Qb8 14. Qb1 d5 15. exd5 Nxd5 16. Bd2 b5 17. Be4 N7f6 18. Bxd5 Bxd5 19. O-O Bd6 20. Rfe1 Qb7 21.
Qd3 Ne4 22. Qe2 f5 23. Bg5 g6 24. h4 Kf7 25. Qe3 e5 26. Ne2 Rhe8 27. Red1 Bb8 28. Qd3 Bc6 29. Be3 f4 30. Bc5 Bc7 31. Qc2 Rcd8 32.
Ng5+ Nxg5 33. hxg5 Bxg2 34. Rxd8 Rxd8 35. Qb3+ Qd5 36.
Qxd5+ Bxd5 37. a3 Bc4 38. Kf1 Rd2 39. Re1 Rxe2 40. Rxe2 f3 41. Ke1 Bxe2 42. Be3 Ke6 43. Bd2 e4 44. Be3 Be5 45. Bd2 Bg7 46. Be3 Bxc3+ 47. Bd2 Bxd2+ 48. Kxd2 Kf5 49. Ke3 h4 50. a4 h3 51. a5 h2 52. Kd2 h1=Q 53. Ke3 Qc1+ 54.
Kd4 Qd2+ 55. Kc5 Qc3+ 56. Kb6 Qxb4 57. Ka7 Qxa5 58. Kb7 Qc3 59. Ka7 Qc6 60. Kb8 Qd7 61.
Ka8 b4 62. Kb8 a5 63. Ka8 Ba6 64. Kb8 Qb7# 0-1

[Event "Early-Titled-Tuesday-Blitz-January-23-2024"]
[Site "Chess.com"]
[Date "2024.01.23"]
[Round "1"]
[White "Truequitos"]
[Black "Binary010"]
[Result "0-1"]
[WhiteElo "2487"]
[BlackElo "2886"]
[TimeControl "180+1"]
[EndTime "8:06:33 PST"]
[Termination "Binary010 won by resignation"]

1. d4 Nf6 2. Nf3 e6 3. Bf4 d5 4. e3 Bd6 5. Bg3 O-O 6. Nbd2 c5 7. c3 Qc7 8. Ne5 Nc6 9. f4 Ne7 10. Bh4 Nf5 11. Bf2 Be7 12. Bd3 Nd6 13. Qf3 b6 14. Bh4 Bb7 15. Bxf6 Bxf6 16. O-O g6 17. Rae1 Rad8 18.
g4 Bh4 19. Re2 f6 20. Qh3 fxe5 21. fxe5 Rxf1+ 22. Nxf1 Bg5 23. exd6 Qxd6 24. Rf2 e5 25. Qf3 Qe7 26. dxe5 Bh6 27. Qf6 Re8 28. Bb5 Qxf6 29.
exf6 Rxe3 30. f7+ Kf8 31. h4 Re4 32. g5 Bg7 33. h5 gxh5 34. Ng3 Rg4 0-1